 Dungeon Crawl Stone Soup version 0.31-a0-1178-gc5c9b8f871 (webtiles) character file.

Game seed: 6331836710239305894

1971 ytrimaz the Covert (level 9, -2/55 HPs)
             Began as a Spriggan Hunter on Dec 11, 2023.
             Was a Follower of Hepliaklqana.
             Slain by Menkaure (7 damage)
             ... on level 6 of the Dungeon.
             The game lasted 00:07:00 (4011 turns).

ytrimaz the Covert (Spriggan Hunter)                Turns: 4011, Time: 00:07:01

Health: -2/55      AC: 24    Str:  7    XL:     9   Next: 0%
Magic:  10/10      EV:  4    Int: 11    God:    Hepliaklqana [*.....]
Gold:   167        SH:  0    Dex: 22    Spells: 8/8 levels left

rFire   . . .        a - +1 shortbow (heavy)
rCold   + . .        (shield currently unavailable)
rNeg    . . .        l - melded +2 robe of Action {Fly rPois Slay+3 Stlth+}
rPois   +            (helmet currently unavailable)
rElec   .            (cloak currently unavailable)
rCorr   .            (gloves unavailable)
SInv    +            (boots unavailable)
Will    ++...        r - amulet of the acrobat
Stlth   +++++        e - ring of willpower
HPRegen 0.29/turn    p - ring of protection from cold
MPRegen 0.12/turn

%: acrobat
@: tree-form
A: stationary, stasis, torment immunity, boosted hp, reduced essence, very
small, no large weapons, unfitting armour, see invisible, (speed 3)
a: Renounce Religion, Recall Ancestor, Ancestor Identity


You were on level 6 of the Dungeon.
You worshipped Hepliaklqana.
Hepliaklqana was aware of your devotion.
You were a tree.
You visited 2 branches of the dungeon, and saw 7 of its levels.
You also visited: Ossuary.

You collected 303 gold pieces.
You spent 136 gold pieces at shops.


Innate Abilities, Weirdness & Mutations

You are a tree.
Your roots penetrate the ground, keeping you stationary.
You cannot be teleported.
You are immune to unholy pain and torment.
Your maximum health is greatly increased.
Your equipment is partially melded.
Your life essence is reduced to manifest your ancestor. (-10% HP)
You are very small and have problems with some larger weapons.
You are too small for most types of armour.
You have supernaturally acute eyesight. (SInv)
((You cover ground extremely quickly. (Speed+++)))


   Skills:
 - Level 1.6 Fighting
 + Level 7.9 Ranged Weapons
 + Level 9.2 Dodging
 + Level 10.5 Stealth


You had 8 spell levels left.
You didn't know any spells.
Your spell library contained the following spells:

 Spells                   Type           Power      Damage    Failure   Level
 Shock                    Conj/Air       0%         1d3       34%         1
 Blink                    Tloc           0%         N/A       47%         2
 Cigotuvi's Dreadful Rot  Necr/Pois/Air  0%         N/A       47%         2
 Ensorcelled Hibernation  Hex/Ice        0%         N/A       47%         2
 Lesser Beckoning         Tloc           0%         N/A       47%         2
 Momentum Strike          Conj/Tloc      0%         3d8       47%         2
 Passwall                 Tmut/Erth      0%         N/A       47%         2
 Hailstorm                Conj/Ice       0%         3d5       71%         3
 Ignite Poison            Fire/Tmut/Pois 0%         N/A       71%         3
 Swiftness                Air            0%         N/A       71%         3
 Airstrike                Air            0%         2d(0-16)  98%         4
 Summon Ice Beast         Ice/Summ       0%         N/A       98%         4
 Freezing Cloud           Conj/Ice/Air   0%         6-21      100%        5
 Simulacrum               Ice/Necr       0%         N/A       100%        6

Inventory:

Hand Weapons
 a - a +1 heavy shortbow (weapon)
Missiles
 y - 3 throwing nets
Armour
 c - a +0 robe
 l - the +2 robe of Action (melded) {Fly rPois Slay+3 Stlth+}
   (You bought it in a shop on level 3 of the Dungeon)

   Slay+3:    It affects your accuracy & damage with ranged weapons and melee
   (+3).
   rPois:     It protects you from poison Fly: It grants you flight.
   Stlth+:    It makes you more stealthy.
Jewellery
 e - a ring of willpower (left branch)
   (You found it on level 1 of the Dungeon)
 o - a ring of ice
   (You found it on level 3 of the Dungeon)
 p - a ring of protection from cold (right branch)
   (You found it on level 3 of the Dungeon)
 r - an amulet of the acrobat (around neck)
   (You found it on level 3 of the Dungeon)
Talismans
 u - a beast talisman
   (You found it on level 4 of the Dungeon)
Wands
 q - a wand of paralysis (7)
   (You found it on level 3 of the Dungeon)
Scrolls
 b - a scroll of butterflies
 d - a scroll of brand weapon
 f - 4 scrolls of teleportation
 h - a scroll of enchant weapon
 j - a scroll of noise {unknown}
 k - a scroll of identify
 s - a scroll of torment {unknown}
 x - a scroll of fog {unknown}
Potions
 g - 5 potions of curing
 i - a potion of resistance {unknown}
 m - a potion of cancellation {unknown}
 n - a potion of degeneration {unknown}
 t - a potion of heal wounds {unknown}
 v - a potion of might {unknown}
 w - 2 potions of enlightenment {unknown}
 z - 2 potions of attraction
 A - a potion of lignification

Dungeon Overview and Level Annotations

Branches:
Dungeon (6/15) Zot: 26730  Temple (1/1) D:4 Zot: 5961 Ossuary (visited)

Altars:
Ashenzari
Cheibriados
Dithmenos
Fedhas
Gozag
Hepliaklqana
Kikubaaqudgha
Makhleb
Nemelex Xobeh
Okawaru
Qazlal
Ru
Sif Muna
Trog
Uskayaw
Vehumet
Wu Jian
Xom
Yredelemnul
Zin
The Shining One

Shops:
D:3 [[[*   D:5 =[

Annotations:
D:6 Menkaure

#..#..♣♣.._ ... #..#.....).
.). ####....).. #.#
######.))≈≈. #.#
#....#...≈≈. #)#
#........... #h#
#......##... ... #M##
#........### .... #♣.##
#..........#
.....######..###...........
.......)....).########.####
............#†.#### #.#
####........##....# #)#
#........#####.####.#
#........#####...##)###
#........##.......))..#
#.......(##...........#


You could see Menkaure (fast) and a hound.


Message History

You shoot an arrow. The gnoll sergeant shouts!
The gnoll shouts!
The arrow hits the gnoll!
A hound comes into view.
Unknown command.
You shoot an arrow. The hound barks!
The arrow hits the gnoll.
You kill the gnoll!
You shoot an arrow. The arrow hits the gnoll sergeant!
Unknown command.
You shoot an arrow.
The arrow barely misses the gnoll sergeant.
The arrow hits the gnoll!
The gnoll sergeant completely misses you.
You shoot an arrow. The arrow hits the gnoll sergeant.
The gnoll sergeant closely misses you.
Menkaure casts a spell.
Menkaure seems to speed up.
The gnoll sergeant misses you.
Unknown command.
You shoot an arrow. The arrow hits the gnoll sergeant.
The gnoll sergeant closely misses you.
You shoot an arrow. The arrow hits the gnoll sergeant!
You kill the gnoll sergeant!
The hound stops to sniff the ground.
Unknown command.
You shoot an arrow. The arrow hits the gnoll!
You kill the gnoll!
Menkaure calls on the powers of darkness!
The gnoll convulses!
The hound convulses!
Your body is wracked with pain!
You have reached level 9!
Your experience leads to an increase in your attributes!
Increase (S)trength, (I)ntelligence, or (D)exterity?
You feel agile. x2
Eadwine remembers more of his old skill. 😮 HP[-12] MP[+1]
You now have 37 max hp (+4).
You take 12 damage, and now have 21/37 hp.
MASSIVE DAMAGE!! (PAUSE)
Your mp is fully restored (10).
Unknown command.
Fire: a) +1 shortbow (heavy)
Press: ? - help, Q - select action, (/) - cycle Shift-Dir - straight line, f - gnoll
Aim: a gnoll, wielding a +0 spear (moderately wounded, 73% to hit)
You shoot an arrow. The arrow hits the gnoll!
Menkaure calls on the powers of darkness!
The hound convulses!
Your body is wracked with pain!
* * * LOW HITPOINT WARNING * * *
The gnoll barely misses you.
The gnoll hits you from afar with a +0 spear!
* * * LOW HITPOINT WARNING * * *
The hound pauses to sniff the ground. 😱 HP[-16]
You take 16 damage, and now have 5/37 hp.
MASSIVE DAMAGE!! (PAUSE) Fire: a) +1 shortbow (heavy)
Press: ? - help, Q - select action, (/) - cycle Shift-Dir - straight line, f/p - gnoll
Aim: a gnoll, wielding a +0 spear (almost dead, 73% to hit)
You shoot an arrow. The arrow hits the gnoll!
You kill the gnoll!
You feel better.
Menkaure completely misses you. 😨 HP[+12]
You regained 12 hp, and now have 17/37 hp.
You turn into a tree.
The +2 robe of Action {Fly rPois Slay+3 Stlth+} melds into your body.
You float gracefully downwards.
Your roots penetrate the ground.
Menkaure hits you.
* * * LOW HITPOINT WARNING * * *
😨 HP[+2]
You now have 55 max hp (+18).
You regained 2 hp, and now have 19/55 hp.
Unknown command.
Fire: a) +1 shortbow (heavy)
Press: ? - help, Q - select action, (/) - cycle Shift-Dir - straight line, f - Menkaure
Aim: Menkaure (fast, 79% to hit)
You shoot an arrow. The arrow hits Menkaure.
Menkaure mumbles, "Let me perform the rites..."
Menkaure hits you but does no damage.
Menkaure completely misses you. 😨 HP[+1] Fire: a) +1 shortbow (heavy)
Press: ? - help, Q - select action, (/) - cycle Shift-Dir - straight line, f/p - Menkaure
Aim: Menkaure (lightly damaged, fast, 79% to hit)
You shoot an arrow.
The arrow hits Menkaure but does no damage.
Menkaure hits you!
* * * LOW HITPOINT WARNING * * *
Menkaure hits you but does no damage. 😱 HP[-16]
You take 16 damage, and now have 4/55 hp.
MASSIVE DAMAGE!! (PAUSE) Unknown command.
Fire: a) +1 shortbow (heavy)
Press: ? - help, Q - select action, (/) - cycle Shift-Dir - straight line, f/p - Menkaure
Aim: Menkaure (lightly damaged, fast, 79% to hit)
You shoot an arrow.
The arrow hits Menkaure but does no damage.
Menkaure hits you but does no damage. Menkaure hits you!
You die...

Skill      XL: |  1  2  3  4  5  6  7  8 |
---------------+-------------------------+-----
Stealth        | 2 3 5 6 8 10 | 10.5
Dodging        | 3 4 5 6 7 9 |  9.2
Ranged Weapons | 5 6 7 |  7.9
Fighting       | |  1.6

Action                     |  1- 3 |  4- 6 |  7- 9 || total
---------------------------+-------+-------+-------++-------
   Fire: Shortbow          |   102 |    66 |   204 ||   372
    Use: Scroll            |       |       |     6 ||     6
         Potion            |       |       |     2 ||     2
 Armour: Robe              |    12 |     6 |    39 ||    57
         Skin              |       |       |     6 ||     6
  Dodge: Dodged            |    52 |    17 |   104 ||   173

Levels and vault maps discovered:
D:1:      spicycebolla_green_bress_n_ham, layout_basic, serial_corexii_hall,
          corexii_hall_statues_s, corexii_hall_statues_x
D:2:      layout_basic, basic_altar
D:3:      layout_basic, nicolae_dithmenos_the_darkroom, serial_shops, shop,
          shop_fountains, nicolae_shop_tiny_glass, nicolae_shop_rolling_square,
          uniq_grinder
D:4:      layout_gridville, temple_pool_b, hangedman_abyss_or_decor_slice,
          kennysheep_boxes
D:5:      layout_loops_ring, nicolae_overflow_hidden_temple,
          mainiacjoe_overflow_alcove_2, lightli_ossuary_entry_decrepit_ruins,
          serial_shops, nicolae_shop_real_fake_doors, nicolae_shop_unique_rings
D:6:      layout_basic, nicolae_wu_jian_wuxing_cycle, serial_shops,
          shop_fountains, item_on_display_a, uniq_pikel, uniq_edmund,
          uniq_eustachio, uniq_menkaure
Temple:   bh_familiar_temple

Notes
Turn   | Place    | Note
-------+----------+-------------------------------------------
     0 | D:1      | ytrimaz the Spriggan Hunter began the quest for the Orb.
     0 | D:1      | Reached XP level 1. HP: 10/10 MP: 2/2
     0 | D:1      | magus.rc [v1.9.6]
    28 | D:1      | You pick up a book of Burglary and begin reading...
    28 | D:1      | You add the spells Passwall, Ensorcelled Hibernation and
                  | Swiftness to your library.
   160 | D:1      | Reached skill level 2 in Stealth
   192 | D:1      | Reached skill level 3 in Dodging
   201 | D:1      | Reached XP level 2. HP: 14/14 MP: 3/3
   517 | D:1      | You add the spells Cigotuvi's Dreadful Rot, Ignite Poison
                  | and Freezing Cloud to your library.
   674 | D:2      | Reached XP level 3. HP: 18/18 MP: 4/4
   679 | D:1      | Reached skill level 3 in Stealth
   735 | D:2      | You pick up a book of Air and begin reading...
   735 | D:2      | You add the spells Shock and Airstrike to your library.
   803 | D:2      | Identified the +1 leather armour of Gutoaq {MP+9}
   916 | D:2      | Found an iron altar of Okawaru.
   930 | D:2      | You pick up a book of Spatial Translocations and begin
                  | reading...
   930 | D:2      | You add the spells Blink, Momentum Strike and Lesser
                  | Beckoning to your library.
  1105 | D:3      | Found Nusch's Antique Armour Shop.
  1127 | D:3      | Found Naes's Antique Armour Shoppe.
  1135 | D:3      | Bought a brightly glowing robe for 136 gold pieces
  1135 | D:3      | Identified the +2 robe of Action {Fly rPois Slay+3 Stlth+}
                  | (You bought it in a shop on level 3 of the Dungeon)
  1160 | D:3      | Found Zolosaefady's Antique Armour Emporium.
  1183 | D:3      | Found a shadowy altar of Dithmenos.
  1186 | D:3      | Noticed Grinder
  1207 | D:3      | Reached skill level 4 in Dodging
  1207 | D:3      | Reached XP level 4. HP: 22/22 MP: 5/5
  1216 | D:3      | Found Leopse's General Store.
  1272 | D:3      | Killed Grinder
  1273 | D:3      | Reached skill level 5 in Ranged Weapons
  1273 | D:3      | Reached skill level 5 in Dodging
  1273 | D:3      | Reached skill level 5 in Stealth
  1273 | D:3      | Reached XP level 5. HP: 25/25 MP: 6/6
  1273 | D:3      | Reached XP level 6. HP: 30/30 MP: 7/7
  1913 | D:4      | Found a staircase to the Ecumenical Temple.
  1956 | Temple   | Entered the Ecumenical Temple
  1993 | Temple   | Became a worshipper of Hepliaklqana the Forgotten
  2351 | D:5      | Entered Level 5 of the Dungeon
  2477 | D:5      | Noticed a water moccasin
  2484 | D:5      | Killed a water moccasin
  2485 | D:5      | Reached skill level 6 in Stealth
  2544 | D:5      | Found a burning altar of Makhleb.
  2620 | D:5      | Reached skill level 6 in Dodging
  2620 | D:5      | Reached XP level 7. HP: 23/33 MP: 8/8
  2667 | D:5      | Reached skill level 6 in Ranged Weapons
  2667 | D:5      | Reached skill level 7 in Stealth
  2728 | D:5      | Found Xeuq Etsue's One-of-a-Kind Rings.
  2820 | D:5      | Found a sand-covered staircase.
  2829 | Ossuary  | Entered an ossuary
  2993 | Ossuary  | Reached skill level 7 in Dodging
  3000 | Ossuary  | Reached skill level 8 in Stealth
  3170 | Ossuary  | Reached XP level 8. HP: 37/37 MP: 9/9
  3192 | Ossuary  | You pick up a book of the Tundra and begin reading...
  3192 | Ossuary  | You add the spells Hailstorm, Summon Ice Beast and
                  | Simulacrum to your library.
  3260 | D:5      | Reached skill level 7 in Ranged Weapons
  3305 | D:5      | Reached * piety under Hepliaklqana
  3343 | D:5      | Reached skill level 9 in Stealth
  3367 | D:5      | Reached skill level 8 in Dodging
  3478 | D:5      | Found an ancient bone altar of Kikubaaqudgha.
  3535 | D:5      | Found Nimno's Antique Armour Boutique.
  3786 | D:6      | Found an ornate altar of the Wu Jian Council.
  3852 | D:6      | Noticed Eustachio
  3862 | D:6      | Killed Eustachio
  3863 | D:6      | Reached skill level 10 in Stealth
  3882 | D:6      | Reached skill level 9 in Dodging
  3995 | D:6      | Noticed Menkaure
  4005 | D:6      | Reached XP level 9. HP: 21/37 MP: 10/10
  4005 | D:6      | HP: 5/37 [gnoll/+0 spear[a gnoll sergeant] (7)]
  4010 | D:6      | HP: 4/55 [Menkaure (16)]
  4011 | D:6      | Slain by Menkaure

Vanquished Creatures
  Grinder (D:3)
  Eustachio (D:6)
  A water moccasin (D:5)
  A sky beast (D:5)
  An ice beast (D:5)
  An ogre (D:5)
  A phantom (D:5)
  A kobold brigand (D:5)
  A bullfrog (D:6)
  A gnoll sergeant (D:6)
  A scorpion (D:5)
  5 water moccasin zombies (Ossuary)
  A hound (D:6)
  A spectral scorpion (Ossuary)
  A gnoll bouda (D:6)
  A sleepcap (D:5)
  3 iguanas
  5 orc wizards
  A crocodile zombie (Ossuary)
  2 mummies (Ossuary)
  8 adders
  9 gnolls (D:6)
  3 adder zombies (Ossuary)
  A dart slug (D:2)
  16 orcs
  8 endoplasms
  A giant cockroach (D:2)
  5 gnoll zombies (Ossuary)
  7 goblins
  2 hobgoblins
  6 jackals
  13 kobolds
  4 quokkas
  8 ball pythons
  5 bats
  4 frilled lizards
  3 hobgoblin zombies (Ossuary)
  9 kobold zombies (Ossuary)
  4 orc zombies (Ossuary)
  6 rats
153 creatures vanquished.

Table legend:
 A = Non-vault XP
 B = Vault XP
 C = Vault XP percentage of total XP
 D = Non-vault monster count
 E = Vault monster count
 F = Vault count percentage of total count
                 A         B        C        D         E       F
            +---------+---------+-------+---------+---------+-------
      Total |    1793 |    1023 |  36.3 |     118 |      35 |  22.9
            +---------+---------+-------+---------+---------+-------
        D:1 |      42 |       0 |   0.0 |      26 |       0 |   0.0
        D:2 |      49 |       0 |   0.0 |      20 |       0 |   0.0
        D:3 |      50 |     277 |  84.7 |       9 |       1 |  10.0
        D:4 |      71 |       0 |   0.0 |      11 |       0 |   0.0
        D:5 |    1005 |       0 |   0.0 |      24 |       0 |   0.0
        D:6 |     576 |     202 |  26.0 |      28 |       1 |   3.4
    Ossuary |       0 |     544 | 100.0 |       0 |      33 | 100.0
            +---------+---------+-------+---------+---------+-------

Skill      XL: |  1  2  3  4  5  6  7  8 |
---------------+-------------------------+-----
Stealth        | 2 3 5 6 8 10 | 10.5
Dodging        | 3 4 5 6 7 9 |  9.2
Ranged Weapons | 5 6 7 |  7.9
Fighting       | |  1.6

Action                     |  1- 3 |  4- 6 |  7- 9 || total
---------------------------+-------+-------+-------++-------
   Fire: Shortbow          |   102 |    66 |   204 ||   372
    Use: Scroll            |       |       |     6 ||     6
         Potion            |       |       |     2 ||     2
 Armour: Robe              |    12 |     6 |    39 ||    57
         Skin              |       |       |     6 ||     6
  Dodge: Dodged            |    52 |    17 |   104 ||   173

Illustrated notes

Table legend:
 A = Kills in this place as a percentage of kills in the entire game.
 B = Kills by you in this place as a percentage of kills by you in the entire game.
 C = Kills by friends in this place as a percentage of kills by friends in the entire game.
 D = Other kills in this place as a percentage of other kills in the entire game.
 E = Experience gained in this place as a percentage of experience gained in the entire game.
 F = Experience gained in this place divided by the number of levels of this place that you have seen.
                   A       B       C       D       E      F
               +-------+-------+-------+-------+-------+----------------------
         Total | 100.0 | 100.0 |   N/A |   N/A | 100.0 | 352.0
       Dungeon |  78.4 |  78.4 |   N/A |   N/A |  80.7 | 378.7
       Ossuary |  21.6 |  21.6 |   N/A |   N/A |  19.3 | 544.0
               +-------+-------+-------+-------+-------+----------------------

Table legend: (Time is in decaauts)
 A = Elapsed time spent in this place.
 B = Non-inter-level travel time spent in this place.
 C = Inter-level travel time spent in this place.
 D = Time resting spent in this place.
 E = Time spent auto-exploring this place.
 F = Levels seen in this place.
 G = Mean time per level.
                   A        B        C        D        E       F      G
               +--------+--------+--------+--------+--------+-----+--------+
         Total |   2906 |   2757 |    149 |      0 |   1912 |   8 |  363.2 |
       Dungeon |   2471 |   2336 |    135 |      0 |   1670 |   6 |  411.8 |
        Temple |     38 |     25 |     13 |      0 |      0 |   1 |   38.0 |
       Ossuary |    396 |    396 |      0 |      0 |    242 |   1 |  396.0 |
               +--------+--------+--------+--------+--------+-----+--------+

Top non-repeatable levels by time:
     D:5: 632 daAuts
     D:4: 519 daAuts
     D:1: 462 daAuts
 Ossuary: 396 daAuts
     D:3: 314 daAuts
     D:2: 275 daAuts
     D:6: 267 daAuts
  Temple: 38 daAuts
